 Dungeon Crawl Stone Soup version 0.22.1-1-ga44c0e5 (webtiles) character file.

7671 thomasnlv21 the Cleaver (level 10, -2/91 HPs)
             Began as a Minotaur Berserker on Nov 11, 2018.
             Was a High Priest of Trog.
             Slain by a swamp worm (7 damage)
             ... on level 9 of the Dungeon.
             The game lasted 00:33:12 (9119 turns).

thomasnlv21 the Cleaver (Minotaur Berserker)        Turns: 9119, Time: 00:33:13

Health: -2/91      AC: 25    Str: 26    XL:     10   Next: 99%
Magic:  9/9        EV:  6    Int:  4    God:    Trog [*****.]
Gold:   554        SH:  0    Dex: 11    Spells: 9/9 levels left

rFire    . . .     SeeInvis .   t - +4 hand axe (freeze)
rCold    . . .     Gourm    .   (no shield)
rNeg     . . .     Faith    .   l - +0 crystal plate armour
rPois    +         Spirit   .   (helmet restricted)
rElec    .         Reflect  .   (no cloak)
rCorr    .         Harm     .   y - +1 pair of gloves
MR       +....     Clarity  +   h - +0 pair of boots
Stlth    ..........             (no amulet)
HPRegen  0.25/turn              g - ring of poison resistance
MPRegen  0.11/turn              C - ring of protection from magic

@: very slightly contaminated
A: retaliatory headbutt, claws 1, horns 2, clarity, strong 1
a: Berserk, Trog's Hand, Brothers in Arms, Renounce Religion


You were on level 9 of the Dungeon.
You worshipped Trog.
Trog was extremely pleased with you.
You were not hungry.

You visited 2 branches of the dungeon, and saw 10 of its levels.

You collected 554 gold pieces.

Inventory:

Hand Weapons
 a - a +0 hand axe
 q - a +0 war axe
 t - a +4 hand axe of freezing (weapon)
 D - the +2 dagger "Joiseu" {pierce, *Noise +Rage +Fly rC+}
   (You took it off a centaur on level 8 of the Dungeon)

   It inflicts extra damage upon your enemies.
   It protects you from cold.
   It lets you fly.
   It lets you go berserk.
   It may make noises in combat.
Missiles
 v - 6 javelins of returning (quivered)
Armour
 h - a +0 pair of boots (worn)
 j - a +1 chain mail
 l - a +0 crystal plate armour (worn)
 y - a +1 pair of gloves (worn)
 z - a +0 plate armour
Jewellery
 g - a ring of poison resistance (left hand)
 p - an uncursed ring of fire
 C - a ring of protection from magic (right hand)
Wands
 e - a wand of digging (13)
 i - a wand of polymorph (19)
 u - a wand of paralysis (11)
 B - a wand of acid (2)
Scrolls
 f - 5 scrolls of remove curse
 k - 3 scrolls of enchant armour
 n - 6 scrolls of identify
 o - 2 scrolls of teleportation
 r - a scroll of fear
 w - a scroll of enchant weapon {unknown}
Potions
 b - 2 potions of degeneration
 d - 2 potions of invisibility
 m - a potion of heal wounds
 s - a potion of haste
 x - a potion of curing
Comestibles
 c - 15 rations


   Skills:
 + Level 9.5 Fighting
 + Level 13.5 Axes
 + Level 11.6 Armour
 + Level 2.9 Dodging
 + Level 2.2 Stealth


You had 9 spell levels left.
You didn't know any spells.
Your spell library was empty.

Dungeon Overview and Level Annotations

Branches:
Dungeon (9/15)             Temple (1/1) D:5
   Lair: D:8-11         Orc: D:9-12

Altars:
Dithmenos
Elyvilon
Fedhas
Gozag
Hepliaklqana
Kikubaaqudgha
Makhleb
Nemelex Xobeh
Okawaru
Qazlal
Ru
Sif Muna
Trog
Uskayaw
Vehumet
Wu Jian
Xom
Yredelemnul
Zin
The Shining One


Innate Abilities, Weirdness & Mutations

You reflexively headbutt those who attack you in melee.
You have a pair of horns on your head.
You have sharp fingernails.
You possess an exceptional clarity of mind.
Your muscles are strong. (Str +2)


Message History

The swamp worm bites you!
* * * LOW HITPOINT WARNING * * *
You slash the swamp worm! You freeze the swamp worm.
The swamp worm is almost dead.
Your crystal plate armour prevents you from hitting the swamp worm.
The swamp worm bites you but does no damage.
You hit the swamp worm. You freeze the swamp worm.
You kill the swamp worm!
Trog accepts your kill.
You hit the swamp worm. You freeze the swamp worm.
The swamp worm bites you but does no damage.
You completely miss the swamp worm.
The swamp worm is heavily wounded.
The swamp worm bites you but does no damage.
You closely miss the swamp worm.
The swamp worm is heavily wounded.
You closely miss the swamp worm.
The swamp worm is heavily wounded.
The swamp worm bites you!
You die...

.........................
.......####...........# .#
.....).# #...........# .#
.......# #.....).....# ..##
...(...# #...........# ....#
..(....# #...........###≈≈≈≈≈
.(.....# #...........#≈≈≈≈≈
(......# #...........≈≈≈#
.......####.....@w....≈≈≈#
................†...##≈≈w≈≈≈≈≈
....................##≈≈P#≈≈≈≈
....................##≈≈≈# ###
###....................≈≈≈ #
........########......≈≈ #
........ ......... ... .......
..######.. ... .......


You could see a swamp worm.

Vanquished Creatures
  Gastronok (D:8)
  Erolcha (D:9)
  A dancing weapon (D:7)
  The ghost of Sharpo the Skirmisher, a novice GrBe of Trog (D:7)
  Joseph (D:9)
  Eustachio (D:4)
  A wyvern (D:8)
  A hungry ghost (D:9)
  Grum (D:8)
  3 swamp worms (D:9)
  2 ice beasts
  A necrophage (D:8)
  4 ogres
  3 phantoms
  3 wolves (D:8)
  4 centaurs
  A big kobold (D:3)
  A gnoll sergeant (D:7)
  Blork the orc (D:5)
  2 bullfrogs
  2 scorpions
  9 killer bees
  3 wights (D:6)
  A crimson imp (D:8)
  2 centaur zombies
  5 hounds
  3 orc priests
  A jelly (D:8)
  An iguana (D:8)
  3 orc wizards
  A worker ant zombie (D:8)
  5 gnolls
  17 adders
  A river rat (D:4)
  2 shadow imps (D:5)
  An ooze (D:1)
  An adder zombie (D:5)
  2 adder skeletons (D:5)
  7 worms
  3 dart slugs (D:1)
  5 leopard geckos
  26 orcs
  7 giant cockroaches
  5 goblins
  4 hobgoblins
  18 jackals
  7 kobolds
  3 quokkas
  2 ball pythons
  4 bats
  4 frilled lizards
  A jackal skeleton (D:4)
  4 leopard gecko skeletons
  9 rats
203 creatures vanquished.

Vanquished Creatures (others)
  3 plants (D:9)
3 creatures vanquished.

Grand Total: 206 creatures vanquished

Notes
Turn   | Place    | Note
-------+----------+-------------------------------------------
     0 | D:1      | thomasnlv21 the Minotaur Berserker began the quest for the
                  | Orb.
     0 | D:1      | Reached XP level 1. HP: 19/19 MP: 0/0
   162 | D:1      | Reached XP level 2. HP: 27/27 MP: 1/1
   362 | D:1      | Reached skill level 4 in Axes
   840 | D:1      | Reached XP level 3. HP: 34/34 MP: 2/2
   851 | D:1      | Reached ** piety under Trog
  1363 | D:2      | Reached XP level 4. HP: 32/41 MP: 3/3
  1444 | D:2      | Reached skill level 5 in Axes
  1839 | D:2      | Reached XP level 5. HP: 47/47 MP: 4/4
  2527 | D:3      | Reached skill level 1 in Stealth
  2703 | D:3      | Found a white marble altar of Elyvilon.
  2704 | D:3      | Noticed a centaur
  2710 | D:3      | Killed a centaur
  2710 | D:3      | Reached skill level 5 in Fighting
  2710 | D:3      | Reached skill level 6 in Axes
  2710 | D:3      | Reached XP level 6. HP: 56/56 MP: 5/5
  2719 | D:3      | Reached *** piety under Trog
  3591 | D:4      | Noticed Eustachio
  3627 | D:4      | Killed Eustachio
  3627 | D:4      | Reached skill level 5 in Armour
  3627 | D:4      | Reached XP level 7. HP: 52/61 MP: 6/6
  3707 | D:4      | Reached skill level 7 in Axes
  3863 | D:4      | Found a glowing drain.
  4218 | D:4      | Reached skill level 8 in Axes
  4384 | D:4      | Reached **** piety under Trog
  4579 | D:4      | Gained mutation: You possess an exceptional clarity of
                  | mind. [potion of mutation]
  4579 | D:4      | Gained mutation: Your muscles are strong. (Str +2) [potion
                  | of mutation]
  4579 | D:4      | Gained mutation: You have sharp fingernails. [potion of
                  | mutation]
  4610 | D:5      | Entered Level 5 of the Dungeon
  4818 | D:5      | Found a staircase to the Ecumenical Temple.
  4827 | Temple   | Entered the Ecumenical Temple
  5210 | D:5      | Noticed Blork the orc
  5218 | D:5      | Killed Blork the orc
  5218 | D:5      | Reached XP level 8. HP: 70/70 MP: 7/7
  5488 | D:5      | Found a hazy altar of Hepliaklqana.
  5779 | D:6      | Reached skill level 9 in Axes
  6556 | D:7      | Reached skill level 10 in Axes
  6564 | D:7      | Received a gift from Trog
  6738 | D:7      | Found a deep blue altar of Sif Muna.
  6776 | D:7      | Found a runed door.
  6776 | D:7      | Found a shimmering altar of Xom.
  6776 | D:7      | Noticed Sharpo's ghost (novice GrBe)
  6803 | D:7      | Noticed a quarterstaff of chaos
  7027 | D:7      | Reached XP level 9. HP: 65/79 MP: 8/8
  7426 | D:7      | Paralysed by a quarterstaff of chaos for 4 turns
  7435 | D:7      | Killed a quarterstaff of chaos
  7435 | D:7      | Reached skill level 11 in Axes
  7444 | D:7      | Killed Sharpo's ghost
  7734 | D:8      | Noticed Gastronok
  7742 | D:8      | Noticed Grum
  7750 | D:8      | Killed Gastronok
  7750 | D:8      | Reached skill level 12 in Axes
  7750 | D:8      | Reached skill level 10 in Armour
  7750 | D:8      | Reached XP level 10. HP: 90/90 MP: 9/9
  7755 | D:8      | Killed Grum
  8141 | D:8      | Reached ***** piety under Trog
  8141 | D:8      | Reached skill level 13 in Axes
  8718 | D:8      | Got a fine dagger {pierce}
  8720 | D:8      | Identified the cursed +2 dagger "Joiseu" {pierce, *Noise
                  | +Rage +Fly rC+} (You took it off a centaur on level 8 of
                  | the Dungeon)
  8831 | D:9      | Received a gift from Trog
  8904 | D:9      | Found a hide-covered altar of Uskayaw.
  8954 | D:9      | Noticed Joseph
  8967 | D:9      | Killed Joseph
  9038 | D:9      | Noticed Erolcha
  9044 | D:9      | Killed Erolcha
  9119 | D:9      | Slain by a swamp worm

Skill      XL: |  1  2  3  4  5  6  7  8  9 10 |
---------------+-------------------------------+-----
Fighting       | 4 5 6 7 8 9 |  9.5
Axes           | 4 5 6 8 10 12 13 | 13.5
Armour         | 3 4 5 6 7 10 11 | 11.6
Stealth        | 1 2 |  2.2
Dodging        | |  2.9

Action                   |  1- 3 |  4- 6 |  7- 9 | 10-12 || total
-------------------------+-------+-------+-------+-------++-------
Melee: Hand axe          |    61 |   132 |   261 |   130 ||   584
       Headbutt          |    12 |    24 |    55 |    23 ||   114
       War axe           |       |       |    12 |       ||    12
Invok: Berserk           |       |     4 |     6 |     1 ||    11
  Use: Scroll            |     5 |     1 |     3 |     2 ||    11
       Potion            |     3 |     1 |     6 |       ||    10
 Stab: Invisible         |       |       |     1 |       ||     1
  Eat: Chunk             |       |    11 |    18 |     4 ||    33
       Ration            |       |       |     1 |     1 ||     2
Armor: Ring mail         |     3 |       |       |       ||     3
       Chain mail        |    29 |    32 |       |       ||    61
       Scale mail        |     1 |       |       |       ||     1
       Crystal plate arm |       |    87 |   182 |   105 ||   374
Dodge: Dodged            |    28 |    46 |    67 |    38 ||   179
